 Dungeon Crawl Stone Soup version 0.30.0-13-g156ef70053 (webtiles) character file.

Game seed: 6172097255971479692

6834 Darkkill the Skirmisher (level 10, -8/93 HPs)
             Began as a Minotaur Hunter on May 17, 2023.
             Was an Initiate of Gozag.
             Killed from afar by Erica (13 damage)
             ... with a bolt of light
             ... on level 8 of the Dungeon.
             The game lasted 00:09:40 (9618 turns).

Darkkill the Skirmisher (Minotaur Hunter)           Turns: 9618, Time: 00:09:41

Health: -8/93      AC:  5    Str: 17    XL:     10   Next: 77%
Magic:  9/9        EV: 24    Int:  6    God:    Gozag
Gold:   459        SH:  0    Dex: 23    Spells: 9/9 levels left

rFire   + . .        a - +1 shortbow
rCold   + . .        (shield currently unavailable)
rNeg    . . .        c - +2 leather armour
rPois   .            (helmet restricted)
rElec   .            t - scarf {rC+ rF+}
rCorr   .            (no gloves)
SInv    .            (no boots)
Will    .....        (no amulet)
Stlth   ++           i - +5 ring of evasion
HPRegen 0.35/turn    g - +6 ring of dexterity
MPRegen 0.11/turn

%: no passive effects
@: confused, slowed, very slow
A: horns 2, retaliatory headbutt
a: Renounce Religion, Potion Petition, Call Merchant, Bribe Branch


You were on level 8 of the Dungeon.
You worshipped Gozag.
Gozag was aware of your devotion.
You visited 2 branches of the dungeon, and saw 9 of its levels.

You collected 1635 gold pieces.
You spent 138 gold pieces at shops.
You paid 1038 gold pieces to Gozag.

Inventory:

Hand Weapons
 a - a +1 shortbow (weapon)
Missiles
 h - 84 stones
 n - 3 throwing nets {=f !f}
 o - 6 javelins
 u - 17 poisoned darts
 v - a boomerang
Armour
 c - a +2 leather armour (worn)
 t - a scarf of resistance (worn)
Magical Staves
 w - a staff of conjuration
Jewellery
 g - a +6 ring of dexterity (right hand)
 i - a +5 ring of evasion (left hand)
 C - a ring of resist corrosion
Wands
 p - a wand of flame (28)
 B - a wand of roots (14)
Scrolls
 b - 3 scrolls of immolation
 d - 2 scrolls of teleportation
 j - 2 scrolls of magic mapping
 x - a scroll of enchant armour
 y - a scroll of silence {unknown}
Potions
 e - a potion of berserk rage
 f - 2 potions of brilliance
 k - 3 potions of lignification
 l - a potion of attraction
 m - a potion of resistance {unknown}
 q - 2 potions of haste
 r - a potion of might {unknown}
 s - a potion of mutation {unknown}
 A - a potion of flight {unknown}


   Skills:
 + Level 10.2 Fighting
 + Level 10.2 Ranged Weapons
 + Level 9.4 Dodging
 + Level 7.6 Stealth


You had 9 spell levels left.
You didn't know any spells.
Your spell library contained the following spells:

 Spells                   Type           Power      Damage    Failure   Level
 Summon Guardian Golem    Hex/Summ       0%         N/A       88%         3
 Passage of Golubria      Tloc           0%         N/A       99%         4
 Silence                  Hex/Air        0%         N/A       100%        5
 Orb of Destruction       Conj           0%         9d5       100%        7
 Spellforged Servitor     Conj/Summ      0%         N/A       100%        7
 Lehudib's Crystal Spear  Conj/Erth      0%         10d2      100%        8


Dungeon Overview and Level Annotations

Branches:
Dungeon (8/15)             Temple (1/1) D:4
   Lair: D:8-11

Altars:
Ashenzari
Cheibriados
Dithmenos
Elyvilon
Fedhas
Gozag
Hepliaklqana
Kikubaaqudgha
Nemelex Xobeh
Okawaru
Qazlal
Ru
Trog
Uskayaw
Vehumet
Wu Jian
Xom
Yredelemnul
Zin
The Shining One

Shops:
D:5 *?[:   D:7 [(

Annotations:
D:8 2 transporters, Amaemon, Erica


Innate Abilities, Weirdness & Mutations

You have a pair of horns on your head.
You reflexively headbutt those who attack you in melee.


Message History

Press: ? - help, Q - select action, (/) - cycle Shift-Dir - straight line, f - you That beam is likely to hit you.
Continue anyway?
Okay, then.
Fire: a) +1 shortbow
Press: ? - help, Q - select action, (/) - cycle Shift-Dir - straight line You shoot an arrow.
Fire: a) +1 shortbow
Press: ? - help, Q - select action, (/) - cycle Shift-Dir - straight line You shoot an arrow.
You feel yourself slow down.
Fire: a) +1 shortbow
Press: ? - help, Q - select action, (/) - cycle Shift-Dir - straight line You shoot an arrow.
You hear some strange, mumbled words.
You are confused.
Non-targeted confused fire: a) +1 shortbow
Press: ? - help, Q - select action, (/) - cycle Dir - look around, f - activate
Okay, then.
You feel better.
Fire: a) +1 shortbow
Press: ? - help, Q - select action, (/) - cycle Shift-Dir - straight line You shoot an arrow.
Something hits you! Something closely misses you.
Fire: a) +1 shortbow
Press: ? - help, Q - select action, (/) - cycle Shift-Dir - straight line You shoot an arrow.
Something hits you! Something burns you.
Fire: a) +1 shortbow
Press: ? - help, Q - select action, (/) - cycle Shift-Dir - straight line You shoot an arrow.
Something hits you. Something burns you. Something hits you!
Something burns you.
As you read the scroll of teleportation, it crumbles to dust.
You feel strangely unstable. Something hits you! Something burns you.
Something hits you but does no damage. Something hits you. Something burns you.
There is an open door here.
Something closely misses you.
Your surroundings suddenly seem different.
Erica appears from thin air!
Reactivating autopickup.
Erica is nearby!
Fire: a) +1 shortbow
Press: ? - help, Q - select action, (/) - cycle Shift-Dir - straight line, f - Erica
Aim: Erica, wielding a +2 scimitar of flaming, wearing a +0 robe and carrying a wand of light (10) (heavily wounded, wandering, hasn't noticed you, 70% to hit)
You shoot an arrow.
Erica shouts!
The arrow hits Erica!
Erica is severely wounded.
Erica points at you and mumbles some strange words.
The bolt of poison misses you.
Fire: a) +1 shortbow
Press: ? - help, Q - select action, (/) - cycle Shift-Dir - straight line, f/p - Erica
Aim: Erica, wielding a +2 scimitar of flaming, wearing a +0 robe and carrying a wand of light (10) (severely wounded, 70% to hit)
You shoot an arrow. The arrow closely misses Erica.
Erica zaps a wand.
The bolt of light misses you.
Fire: a) +1 shortbow
Press: ? - help, Q - select action, (/) - cycle Shift-Dir - straight line, f/p - Erica
Aim: Erica, wielding a +2 scimitar of flaming, wearing a +0 robe and carrying a wand of light (9) (severely wounded, 70% to hit)
You shoot an arrow. The arrow hits Erica.
Erica is severely wounded.
Fire: a) +1 shortbow
Press: ? - help, Q - select action, (/) - cycle Shift-Dir - straight line, f/p - Erica
Aim: Erica, wielding a +2 scimitar of flaming, wearing a +0 robe and carrying a wand of light (9) (severely wounded, 70% to hit)
You shoot an arrow. The arrow completely misses Erica.
Erica hits you with a +2 scimitar of flaming.
Erica burns you.
Fire: a) +1 shortbow
Press: ? - help, Q - select action, (/) - cycle Shift-Dir - straight line, f/p - Erica
Aim: Erica, wielding a +2 scimitar of flaming, wearing a +0 robe and carrying a wand of light (9) (severely wounded, 70% to hit)
You shoot an arrow. The arrow hits Erica.
Erica is severely wounded.
Erica barely misses you. Erica closely misses you.
Fire: a) +1 shortbow
Press: ? - help, Q - select action, (/) - cycle Shift-Dir - straight line, f/p - Erica
Aim: Erica, wielding a +2 scimitar of flaming, wearing a +0 robe and carrying a wand of light (9) (severely wounded, 70% to hit)
You shoot an arrow. The arrow hits Erica.
Erica is severely wounded.
Erica completely misses you.
Fire: a) +1 shortbow
Press: ? - help, Q - select action, (/) - cycle Shift-Dir - straight line, f/p - Erica
Aim: Erica, wielding a +2 scimitar of flaming, wearing a +0 robe and carrying a wand of light (9) (severely wounded, 70% to hit)
You shoot an arrow. The arrow barely misses Erica.
Erica zaps a wand.
The bolt of light hits you!
You are confused.
Erica hits you with a +2 scimitar of flaming!
* * * LOW HITPOINT WARNING * * *
Non-targeted confused fire: a) +1 shortbow
Press: ? - help, Q - select action, (/) - cycle Dir - look around, f - activate You shoot an arrow.
The arrow hits Erica!
Erica is almost dead.
Erica hits you with a +2 scimitar of flaming!
* * * LOW HITPOINT WARNING * * *
Erica burns you.
* * * LOW HITPOINT WARNING * * *
Non-targeted confused fire: a) +1 shortbow
Press: ? - help, Q - select action, (/) - cycle Dir - look around, f - activate You shoot an arrow.
Erica zaps a wand.
The bolt of light hits you!
You die...
Your body crumbles into a pile of gold.

#......# #. #......#
#.######......#
..............##########
........................
##...........................
..............####...........
#............# #...........
#..........@.# #...........
#.........@..# #...........
#............# #...........
#............####...........
#...................<.......
#............####...........
#............# ############
##'########### #.#


You could see Erica.

Vanquished Creatures
  Maggie (D:6)
  A troll (D:7)
  Prince Ribbit (D:6)
  Sigmund (D:2)
  8 yaks (D:8)
  2 steam dragons
  A warg (D:7)
  4 orc warriors (D:7)
  2 sky beasts
  3 black bears
  9 ogres
  2 centaurs (D:7)
  A kobold brigand (D:7)
  A bullfrog (D:8)
  A gnoll sergeant (D:7)
  4 scorpions
  5 wights (D:7)
  4 killer bees (D:5)
  9 howler monkeys
  6 jellies
  6 hounds
  6 orc priests
  4 gnoll boudas (D:7)
  9 iguanas
  8 orc wizards
  17 gnolls
  12 adders
  A shadow imp (D:7)
  3 white imps
  2 ufetubi
  A worm (D:2)
  3 dart slugs
  30 orcs
  6 ball pythons
  6 endoplasms
  2 giant cockroaches
  8 goblins
  9 hobgoblins
  2 jackals (D:2)
  11 kobolds
  3 quokkas
  7 bats
  8 frilled lizards
  6 rats
236 creatures vanquished.

Notes
Turn   | Place    | Note
-------+----------+-------------------------------------------
     0 | D:1      | Darkkill the Minotaur Hunter began the quest for the Orb.
     0 | D:1      | Reached XP level 1. HP: 18/18 MP: 0/0
    35 | D:1      | Reached skill level 1 in Stealth
    35 | D:1      | Reached XP level 2. HP: 19/25 MP: 1/1
   140 | D:1      | HP: 5/25 [hobgoblin (2)]
   144 | D:1      | HP: 1/25 [dart slug/slug dart (4)]
   294 | D:1      | Reached XP level 3. HP: 30/30 MP: 2/2
   856 | D:2      | Noticed Sigmund
   870 | D:2      | Killed Sigmund
   871 | D:2      | Reached skill level 5 in Ranged Weapons
   871 | D:2      | Reached XP level 4. HP: 21/40 MP: 3/3
   871 | D:2      | Reached XP level 5. HP: 24/46 MP: 4/4
  1616 | D:3      | Reached XP level 6. HP: 52/52 MP: 5/5
  1757 | D:3      | Noticed a golden eye
  1759 | D:3      | Found a faded altar of an unknown god.
  1761 | D:3      | Noticed a golden eye
  1806 | D:3      | Noticed an eye of devastation
  1806 | D:3      | Noticed an eye of devastation
  2680 | D:4      | Found a radiant altar of Vehumet.
  2714 | D:4      | Found a staircase to the Ecumenical Temple.
  2738 | Temple   | Entered the Ecumenical Temple
  2774 | Temple   | Became a worshipper of Gozag Ym Sagoz the Greedy
  2982 | D:4      | Found a broken altar of Ashenzari.
  2992 | D:4      | Reached XP level 7. HP: 60/60 MP: 6/6
  3214 | D:5      | Entered Level 5 of the Dungeon
  3223 | D:5      | Reached skill level 5 in Fighting
  3276 | D:5      | HP: 9/61 [poisoned by an orc wizard]
  3310 | D:5      | Found Dusi Estro's Book Shoppe.
  3340 | D:5      | Reached skill level 5 in Dodging
  3495 | D:5      | Found Qyhoaty's Magic Scroll Shoppe.
  3660 | D:5      | Reached XP level 8. HP: 54/70 MP: 7/7
  3718 | D:5      | Found Qisedidiow's Assorted Antiques.
  3728 | D:5      | Bought a tapered wooden wand for 92 gold pieces
  3728 | D:5      | Bought a scroll labelled RIT NAMYMM for 23 gold pieces
  3728 | D:5      | Bought a scroll labelled WUEQUV ZIZXO for 23 gold pieces
  3923 | D:5      | Found Fallekly's Antique Armour Shoppe.
  3988 | D:5      | HP: 14/71 [killer bee (4)]
  4354 | D:5      | Found an ornate altar of the Wu Jian Council.
  4677 | D:6      | Noticed Maggie
  4695 | D:6      | Killed Maggie
  4696 | D:6      | Reached skill level 5 in Stealth
  4962 | D:6      | Reached XP level 9. HP: 59/79 MP: 8/8
  5146 | D:6      | Found a glowing golden altar of the Shining One.
  5315 | D:6      | Noticed Prince Ribbit
  5321 | D:6      | Killed Prince Ribbit
  5880 | D:7      | Found Seineogu's Antique Weapon Shoppe.
  6875 | D:7      | HP: 10/82 [gnoll sergeant/+0 trident (9)]
  6927 | D:7      | Reached XP level 10. HP: 35/90 MP: 9/9
  7331 | D:7      | HP: 8/91 [orc warrior/+0 rapier (13)]
  8400 | D:8      | Found a transporter.
  8403 | D:8      | Found a transporter.
  8490 | D:8      | Noticed an orange demon
  8491 | D:8      | Noticed Amaemon
  8502 | D:8      | HP: 15/92 [poisoned by orange demon (concentrated venom)]
  9116 | D:8      | Reached skill level 10 in Ranged Weapons
  9125 | D:8      | Reached skill level 10 in Fighting
  9129 | D:8      | HP: 14/93 [yak (13)]
  9589 | D:8      | Noticed Erica
  9617 | D:8      | HP: 7/93 [Erica/+2 scimitar of flaming (13)]
  9618 | D:8      | Killed from afar by Erica

Illustrated notes

Levels and vault maps discovered:
D:1:      psy_arrival_conway, layout_rooms, minmay_misc_feat_doors,
          grunt_decor_fettered, kennysheep_crisscross
D:2:      kennysheep_six_static_rooms, layout_basic, uniq_sigmund
D:3:      layout_basic, hellmonk_ecumenical_altar_watching_god
D:4:      layout_basic, vehumet_altar_wand_db, cheibrodos_ashenzari_chains,
          minmay_temple_entry_stoned_glass
D:5:      layout_loops_cross, overflow_temple_1_default, serial_shops, shop,
          nicolae_shop_crystal, shop_fountains, shop, st_stairs_2,
          grunt_ministairs_11, reono_crystal_passage
D:6:      layout_basic, tso_oasis_becter, grunt_decor_junction,
          uniq_prince_ribbit1, uniq_maggie
D:7:      lemuel_castle_with_subvaults [lemuel_castle_interior_carwin_1],
          layout_basic, serial_shops, nicolae_shop_waterfront,
          hangedman_minor_gate_pass
D:8:      layout_basic, gammafunk_ghost_hive, uniq_erica, uniq_amaemon
Temple:   nicolae_temple_bog_church

Skill      XL: |  1  2  3  4  5  6  7  8  9 10 |
---------------+-------------------------------+-----
Stealth        | 1 2 3 4 5 6 7 |  7.6
Fighting       | 4 6 7 8 10 | 10.2
Dodging        | 3 4 5 6 8 9 |  9.4
Ranged Weapons | 5 6 7 9 10 | 10.2

Action                     |  1- 3 |  4- 6 |  7- 9 | 10-12 || total
---------------------------+-------+-------+-------+-------++-------
   Fire: Shortbow          |   101 |   154 |   402 |   248 ||   905
 Invoke: Potion Petition   |       |       |       |     1 ||     1
         Call Merchant     |       |       |       |     1 ||     1
  Evoke: Wand              |       |       |     7 |    12 ||    19
    Use: Scroll            |     4 |     4 |    10 |     3 ||    21
         Potion            |     1 |       |    11 |     2 ||    14
 Armour: Leather armour    |    24 |     8 |    25 |     9 ||    66
  Dodge: Dodged            |    41 |    35 |   225 |   166 ||   467

Levels and vault maps discovered:
D:1:      psy_arrival_conway, layout_rooms, minmay_misc_feat_doors,
          grunt_decor_fettered, kennysheep_crisscross
D:2:      kennysheep_six_static_rooms, layout_basic, uniq_sigmund
D:3:      layout_basic, hellmonk_ecumenical_altar_watching_god
D:4:      layout_basic, vehumet_altar_wand_db, cheibrodos_ashenzari_chains,
          minmay_temple_entry_stoned_glass
D:5:      layout_loops_cross, overflow_temple_1_default, serial_shops, shop,
          nicolae_shop_crystal, shop_fountains, shop, st_stairs_2,
          grunt_ministairs_11, reono_crystal_passage
D:6:      layout_basic, tso_oasis_becter, grunt_decor_junction,
          uniq_prince_ribbit1, uniq_maggie
D:7:      lemuel_castle_with_subvaults [lemuel_castle_interior_carwin_1],
          layout_basic, serial_shops, nicolae_shop_waterfront,
          hangedman_minor_gate_pass
D:8:      layout_basic, gammafunk_ghost_hive, uniq_erica, uniq_amaemon
Temple:   nicolae_temple_bog_church

Table legend: (Time is in decaauts)
 A = Elapsed time spent in this place.
 B = Non-inter-level travel time spent in this place.
 C = Inter-level travel time spent in this place.
 D = Time resting spent in this place.
 E = Time spent auto-exploring this place.
 F = Levels seen in this place.
 G = Mean time per level.
                   A        B        C        D        E       F      G
               +--------+--------+--------+--------+--------+-----+--------+
         Total |   9825 |   9351 |    474 |    696 |   7012 |   9 | 1091.7 |
       Dungeon |   9763 |   9315 |    448 |    696 |   6990 |   8 | 1220.4 |
        Temple |     61 |     36 |     25 |      0 |     22 |   1 |   61.0 |
               +--------+--------+--------+--------+--------+-----+--------+

Top non-repeatable levels by time:
     D:7: 2638 daAuts
     D:8: 1436 daAuts
     D:5: 1406 daAuts
     D:3: 1086 daAuts
     D:6: 1052 daAuts
     D:2: 802 daAuts
     D:1: 684 daAuts
     D:4: 657 daAuts
  Temple: 61 daAuts

Table legend:
 A = Kills in this place as a percentage of kills in the entire game.
 B = Kills by you in this place as a percentage of kills by you in the entire game.
 C = Kills by friends in this place as a percentage of kills by friends in the entire game.
 D = Other kills in this place as a percentage of other kills in the entire game.
 E = Experience gained in this place as a percentage of experience gained in the entire game.
 F = Experience gained in this place divided by the number of levels of this place that you have seen.
                   A       B       C       D       E      F
               +-------+-------+-------+-------+-------+----------------------
         Total | 100.0 | 100.0 |   N/A |   N/A | 100.0 | 1084.8
       Dungeon | 100.0 | 100.0 |   N/A |   N/A | 100.0 | 1220.4
               +-------+-------+-------+-------+-------+----------------------
